 Dungeon Crawl Stone Soup version 0.30.1-11-g7821555f0a (webtiles) character file.

Game seed: 11709284930489848158

844 aleksiErkki the Chopper (level 7, -1/62 HPs)
             Began as a Minotaur Fighter on Nov 16, 2023.
             Was a Follower of Uskayaw.
             Slain by a killer bee (5 damage)
             ... on level 7 of the Dungeon.
             The game lasted 00:07:33 (4622 turns).

aleksiErkki the Chopper (Minotaur Fighter)          Turns: 4622, Time: 00:07:34

Health: -1/62      AC:  7    Str: 21    XL:     7   Next: 68%
Magic:  0/6        EV: 10    Int:  5    God:    Uskayaw [*.....]
Gold:   328        SH:  5    Dex: 11    Spells: 6/6 levels left

rFire   . . .        a - +0 war axe
rCold   + . .        c - +0 buckler
rNeg    . . .        b - +0 scale mail
rPois   .            (helmet restricted)
rElec   .            (no cloak)
rCorr   +            (no gloves)
SInv    .            (no boots)
Will    .....        r - amulet of regeneration Stlth
                     g - ring of resist corrosion
HPRegen 1.10/turn    e - ring of protection from cold
MPRegen 0.10/turn

%: no passive effects
@: lethally poisoned (-1 -> -4)
A: horns 2, retaliatory headbutt
a: Renounce Religion, Stomp


You were on level 7 of the Dungeon.
You worshipped Uskayaw.
Uskayaw was noncommittal.
You visited 1 branch of the dungeon, and saw 7 of its levels.

You collected 328 gold pieces.

Inventory:

Hand Weapons
 a - a +0 war axe (weapon)
Armour
 b - a +0 scale mail (worn)
 c - a +0 buckler (worn)
Jewellery
 e - a ring of protection from cold (right hand)
 g - a ring of resist corrosion (left hand)
 o - a ring of flight
 r - an amulet of regeneration (around neck)
Scrolls
 f - 2 scrolls of immolation
 i - 2 scrolls of fear
 k - 2 scrolls of blinking
 l - 2 scrolls of magic mapping {unknown}
 m - 3 scrolls of teleportation {unknown}
 n - 3 scrolls of identify
 q - a scroll of fog {unknown}
Potions
 d - a potion of mutation
 h - a potion of flight
 j - 2 potions of attraction
 s - 2 potions of brilliance {unknown}
 t - a potion of magic {unknown}


   Skills:
 + Level 5.7 Fighting
 + Level 6.9 Axes
 + Level 6.2 Armour
 + Level 2.5 Dodging
 + Level 0.4 Stealth
 + Level 4.6 Shields


You had 6 spell levels left.
You didn't know any spells.
Your spell library contained the following spells:

 Spells                   Type           Power      Damage    Failure   Level
 Sandblast                Erth           0%         2d4       86%         1
 Passwall                 Tmut/Erth      0%         N/A       94%         2
 Frozen Ramparts          Ice            0%         1d1       99%         3
 Stone Arrow              Conj/Erth      0%         3d7       99%         3
 Volatile Blastmotes      Fire/Tloc      0%         2d10      99%         3
 Animate Armour           Summ/Erth      0%         N/A       100%        4
 Fulminant Prism          Conj/Hex       0%         3d5       100%        4
 Ice Form                 Ice/Tmut       0%         N/A       100%        4
 Iskenderun's Mystic Bla  Conj/Tloc      0%         2d3       100%        4
 Lee's Rapid Deconstruct  Erth           0%         3d4*      100%        5


Dungeon Overview and Level Annotations

Branches:
Dungeon (7/15)             Temple (0/1) D:6

Altars:
Hepliaklqana
Qazlal
Uskayaw
Vehumet
Yredelemnul

Shops:
D:2 *   D:3 (:*


Innate Abilities, Weirdness & Mutations

You have a pair of horns on your head.
You reflexively headbutt those who attack you in melee.


Message History

You are more poisoned.
The killer bee poisons you! The killer bee stings you!
* * * LOW HITPOINT WARNING * * *
The killer bee stings you.
* * * LOW HITPOINT WARNING * * *
The killer bee stings you but does no damage.
The killer bee stings you.
* * * LOW HITPOINT WARNING * * *
You are more poisoned.
The killer bee poisons you!
The killer bee stings you but does no damage.
You can now stomp with the beat.
You feel better. The killer bee barely misses you. The killer bee stings you.
* * * LOW HITPOINT WARNING * * *
You are poisoned.
The killer bee poisons you! The killer bee stings you.
* * * LOW HITPOINT WARNING * * *
You are more poisoned.
The killer bee poisons you! The killer bee completely misses you.
You furiously retaliate!
You headbutt the killer bee.
A sleepcap comes into view.
The killer bee barely misses you. You furiously retaliate!
You headbutt the killer bee.
The killer bee stings you but does no damage.
The killer bee completely misses you. The killer bee misses you.
You can now pass through a line of other dancers.
You stomp with the beat, sending a shockwave through the revellers around you!
The killer bee is almost dead. x3
The killer bee is heavily wounded.
You can no longer pass through a line of other dancers.
You feel very sick. The killer bee barely misses you.
You block the killer bee's attack. The killer bee barely misses you.
The killer bee stings you but does no damage.
The killer bee barely misses you. You furiously retaliate!
You headbutt the killer bee. The killer bee closely misses you.
The killer bee stings you!
* * * LOW HITPOINT WARNING * * *
The killer bee stings you.
You die...

#..# #..# . #<.#
.. #..# .. #..#
###.######..###
..............##
#...y.........#
#...y@##..#.#.#
#...yy##..#.# #
#....y##..#.#
.............
..#.....###.#. .
#.....# .#..
.f....# ##.....#


You could see a sleepcap and 5 killer bees.

Vanquished Creatures
  Sigmund (D:3)
  A water moccasin (D:5)
  An orc warrior (D:6)
  An ogre (D:4)
  A phantom (D:5)
  2 hounds (D:5)
  3 iguanas
  2 orc wizards (D:6)
  5 adders
  2 white imps (D:6)
  3 ufetubi
  A worm (D:2)
  A dart slug (D:1)
  11 orcs
  4 endoplasms
  2 giant cockroaches
  4 goblins
  5 hobgoblins
  5 jackals (D:1)
  4 quokkas
  9 ball pythons
  3 bats
  4 kobolds
  5 rats
80 creatures vanquished.

Vanquished Creatures (others)
  An orc wizard (D:6)
1 creature vanquished.

Grand Total: 81 creatures vanquished

Notes
Turn   | Place    | Note
-------+----------+-------------------------------------------
     0 | D:1      | aleksiErkki the Minotaur Fighter began the quest for the
                  | Orb.
     0 | D:1      | Reached XP level 1. HP: 19/19 MP: 0/0
   324 | D:1      | Reached XP level 2. HP: 27/27 MP: 1/1
   745 | D:2      | Reached XP level 3. HP: 33/33 MP: 2/2
   835 | D:2      | Identified the +1 robe of Zar Iran {Rampage rF+ Int-2}
   941 | D:2      | Found Xiedinty's General Store.
  1138 | D:3      | Found Jul Poa's Antique Weapon Shoppe.
  1196 | D:3      | Noticed Sigmund
  1207 | D:3      | Killed Sigmund
  1208 | D:3      | Reached skill level 1 in Dodging
  1208 | D:3      | Reached XP level 4. HP: 15/41 MP: 3/3
  1208 | D:3      | Reached XP level 5. HP: 17/47 MP: 4/4
  1340 | D:3      | Identified the +3 ring mail "Riloxyf" {Harm rC+ SInv}
  1426 | D:3      | Found Ziluyz's General Store.
  1685 | D:3      | Found Meusir's Book Boutique.
  1957 | D:3      | Reached skill level 5 in Armour
  1971 | D:3      | Found a hide-covered altar of Uskayaw.
  2022 | D:3      | Became a worshipper of Uskayaw the Reveller
  2184 | D:4      | Reached * piety under Uskayaw
  2265 | D:4      | Noticed an ogre
  2269 | D:4      | HP: 1/47 [ogre/+0 giant club (29)]
  2459 | D:4      | Reached ** piety under Uskayaw
  2461 | D:4      | Killed an ogre
  2461 | D:4      | Reached *** piety under Uskayaw
  2462 | D:4      | Reached skill level 5 in Axes
  2462 | D:4      | Reached XP level 6. HP: 14/55 MP: 5/5
  3038 | D:5      | Entered Level 5 of the Dungeon
  3075 | D:5      | Reached skill level 5 in Fighting
  3357 | D:5      | Found a hazy altar of Hepliaklqana.
  3357 | D:5      | Found a basalt altar of Yredelemnul.
  3397 | D:5      | Noticed a water moccasin
  3403 | D:5      | Killed a water moccasin
  3404 | D:5      | Reached XP level 7. HP: 58/61 MP: 6/6
  4049 | D:6      | Found a radiant altar of Vehumet.
  4187 | D:6      | Got Zesoeqa's Book of Generative Refrigeration
  4190 | D:6      | Found a staircase to the Ecumenical Temple.
  4252 | D:6      | Noticed a fire elemental
  4254 | D:6      | Found a stormy altar of Qazlal.
  4256 | D:6      | Noticed a water elemental
  4256 | D:6      | Noticed an air elemental
  4622 | D:7      | Slain by a killer bee

Illustrated notes

Levels and vault maps discovered:
D:1:      giann_horns, layout_loops_ring
D:2:      layout_rooms, serial_shops, nicolae_square_shop
D:3:      layout_loops_corners, marbit_many_paths, serial_shops, shop_statue,
          shop, shop, grunt_ministairs_14, uniq_sigmund
D:4:      layout_rooms
D:5:      layout_loops_ring, gammafunk_temple_overflow_wave, kennysheep_nub,
          hangedman_decor_slide_cut
D:6:      layout_gridville, nicolae_qazlal_style_of_elements, vehumet_crystals,
          temple_fountains
D:7:      layout_basic, enter_bailey_3

Skill      XL: |  1  2  3  4  5  6  7 |
---------------+----------------------+-----
Fighting       | 4 5 |  5.7
Shields        | 4 |  4.6
Axes           | 4 5 6 |  6.9
Armour         | 4 5 6 |  6.2
Dodging        | 1 2 |  2.5
Stealth        | |  0.4

Action                     |  1- 3 |  4- 6 |  7- 9 || total
---------------------------+-------+-------+-------++-------
  Melee: War axe           |    64 |    66 |    41 ||   171
         Headbutt          |     9 |    10 |     6 ||    25
 Invoke: Stomp             |       |     2 |     3 ||     5
    Use: Potion            |     1 |       |     3 ||     4
         Scroll            |       |     7 |       ||     7
 Armour: Scale mail        |    29 |    24 |    17 ||    70
  Dodge: Dodged            |    26 |    34 |    36 ||    96
  Block: Buckler           |    18 |    14 |    11 ||    43
